 Dungeon Crawl Stone Soup version 0.27-a0-906-g0a00ce863d (webtiles) character file.

Game seed: 12373321287869870707

65 nicknak712 the Skirmisher (level 3, -2/45 HPs)
             Began as a Demonspawn Berserker on Apr 7, 2021.
             Was a Believer of Trog.
             Slain by a goblin
             ... wielding a +0 dagger
             ... led by Robin
              (4 damage)
             ... on level 2 of the Dungeon.
             The game lasted 00:04:33 (1493 turns).

nicknak712 the Skirmisher (Demonspawn Berserker)    Turns: 1493, Time: 00:04:33

Health: -2/45      AC:  3    Str: 18    XL:     3   Next: 94%
Magic:  3/3        EV: 12    Int:  8    God:    Trog [**....]
Gold:   42         SH:  0    Dex: 12    Spells: 2/2 levels left

rFire    + . .     SeeInvis .   a - +0 falchion
rCold    . . .     Faith    .   (no shield)
rNeg     . . .     Spirit   .   d - +0 leather armour {rF+}
rPois    .         Reflect  .   (no helmet)
rElec    .         Harm     .   (no cloak)
rCorr    .         Rampage  .   (no gloves)
Will     .....                  (no boots)
Stlth    ..........             (no amulet)
HPRegen  0.15/turn              (no ring)
MPRegen  0.08/turn              (no ring)

@: berserking (expiring), very quick
A: demonic magic 1
a: Renounce Religion, Berserk, Trog's Hand


You were on level 2 of the Dungeon.
You worshipped Trog.
Trog was pleased with you.
You visited 1 branch of the dungeon, and saw 2 of its levels.

You collected 42 gold pieces.

Inventory:

Hand Weapons
 a - a +0 falchion (weapon)
 c - a +1 vorpal hand axe
Armour
 b - a +0 animal skin
 d - a +0 leather armour of fire resistance (worn)
Scrolls
 e - a scroll of identify {unknown}
 f - 2 scrolls of teleportation {unknown}
 g - a scroll of acquirement {unknown}
 h - a scroll of noise {unknown}


   Skills:
 + Level 3.7 Fighting
 + Level 3.4 Long Blades
 + Level 2.1 Armour
 + Level 2.1 Dodging
 + Level 0.4 Stealth


You had 2 spell levels left.
You didn't know any spells.
Your spell library was empty.

Dungeon Overview and Level Annotations

Branches:
Dungeon (2/15)

Altars:


Innate Abilities, Weirdness & Mutations

Spells you cast may paralyse adjacent enemies.


Message History

The goblin shoots a stone.
The stone closely misses you.
The stone hits Robin.
The goblin hits you with a +0 dagger. The goblin barely misses you.
You see here a +0 club.
You hit the hobgoblin.
The hobgoblin is almost dead.
The hobgoblin hits you.
* * * LOW HITPOINT WARNING * * *
The goblin hits you but does no damage.
You slash the hobgoblin!
You kill the hobgoblin!
Trog accepts your kill. The goblin hits you with a +0 dagger.
* * * LOW HITPOINT WARNING * * *
Robin roars a battlecry!
The goblin goes into a battle-frenzy!
The goblin misses you.
You riposte.
You barely miss the goblin. You hit Robin.
Robin is severely wounded.
The goblin barely misses you. The goblin hits you with a +0 dagger.
* * * LOW HITPOINT WARNING * * *
The goblin misses you.
You hit Robin.
You kill Robin!
Trog accepts your kill. The goblin closely misses you.
The goblin barely misses you.
You riposte.
You slash the goblin!
You kill the goblin!
Trog accepts your kill. The goblin hits you with a +0 club.
* * * LOW HITPOINT WARNING * * *
The goblin closely misses you.
You barely miss the goblin. The goblin barely misses you.
The goblin closely misses you. The hobgoblin hits you.
* * * LOW HITPOINT WARNING * * *
You slash the hobgoblin!
You kill the hobgoblin!
Trog accepts your kill. The goblin misses you.
You riposte.
You closely miss the goblin. You barely miss the goblin.
The goblin hits you with a +0 dagger.
You die...

.............#
####.........#....##
.###.........#...... .
...#.........#....## ..
.........##........ ...
.........##......###...#
.........##.............
...###.........)g).....#
...# #.#####..gg@g.....#
...# #......#.####.....#
...# ######.#.# ##.##
.... ..... #### ...#.##
#...#.# #.#.#.# #.#.#.#
#.#.#


You could see 4 goblins.

Vanquished Creatures
  Robin (D:2)
  4 dart slugs
  3 ball pythons
  3 bats (D:1)
  3 endoplasms
  A giant cockroach (D:1)
  9 goblins
  8 hobgoblins
  5 kobolds
  A quokka (D:2)
  2 frilled lizards (D:1)
  4 rats
44 creatures vanquished.

Notes
Turn   | Place    | Note
-------+----------+-------------------------------------------
     0 | D:1      | nicknak712 the Demonspawn Berserker began the quest for the
                  | Orb.
     0 | D:1      | Reached XP level 1. HP: 18/18 MP: 1/1
   203 | D:1      | Gained mutation: Spells you cast may paralyse adjacent
                  | enemies. [demonic ancestry]
   203 | D:1      | Reached XP level 2. HP: 17/24 MP: 2/2
   457 | D:1      | Found a faded altar of an unknown god.
   920 | D:1      | Reached XP level 3. HP: 29/29 MP: 3/3
  1250 | D:2      | Reached ** piety under Trog
  1479 | D:2      | Noticed Robin
  1490 | D:2      | Killed Robin
  1491 | D:2      | HP: 2/45 [hobgoblin[Robin] (3)]
  1493 | D:2      | Slain by a goblin

Illustrated notes

Levels and vault maps discovered:
D:1:      dpeg_arrival_rhombi, layout_rooms, basic_ecumenical_altar
D:2:      layout_basic, uniq_robin

Skill      XL: |  1  2  3 |
---------------+----------+-----
Long Blades    | 3 |  3.4
Armour         | 2 |  2.1
Dodging        | 2 |  2.1
Fighting       | |  3.7
Stealth        | |  0.4

Action                   || total
-------------------------++-------
Melee: Falchion          ||    97
Invok: Berserk           ||     1
 Stab: Sleeping          ||     1
Armor: Leather armour    ||    29
       Animal skin       ||     1
Dodge: Dodged            ||    72
       Rpst.: Falchion   ||    17

Table legend: (Time is in decaauts)
 A = Elapsed time spent in this place.
 B = Non-inter-level travel time spent in this place.
 C = Inter-level travel time spent in this place.
 D = Time resting spent in this place.
 E = Time spent auto-exploring this place.
 F = Levels seen in this place.
 G = Mean time per level.
                   A        B        C        D        E       F      G
               +--------+--------+--------+--------+--------+-----+--------+
         Total |   1502 |   1489 |     13 |      0 |   1271 |   2 |  751.0 |
       Dungeon |   1502 |   1489 |     13 |      0 |   1271 |   2 |  751.0 |
               +--------+--------+--------+--------+--------+-----+--------+

Top non-repeatable levels by time:
     D:1: 1078 daAuts
     D:2: 424 daAuts
